[Event "Titled Tuesday Blitz May 30 Late 2023"]
[White "Campos, Maria Jose"]
[Black "Korchmar, Vasiliy"]
[WhiteFideId "146803"]
[BlackFideId "24131750"]
[WhiteElo "2170"]
[BlackElo "2370"]
[Result "0-1"]
[Round "01"]
[TimeControl "180+2"]
[Date "2023.05.31"]
[WhiteClock "0:00:38"]
[BlackClock "0:00:05"]

1. c4 c6 2. Nf3 d5 3. g3 g6 4. Bg2 Bg7 5. O-O e5 6. cxd5 cxd5 7. d3 Ne7 8. Nc3 Nbc6 9. a3 O-O 10. Rb1 h6 11. Bd2 Be6 12. b4 f5 13. b5 Nb8 14. e3 Nd7 15. a4 Kh7 16. Qe2 Rc8 17. Rfc1 g5 18. a5 Ng6 19. Ne1 e4 20. d4 f4 21. Qd1 Qf6 22. Na4 fxg3 23. fxg3 Qf2+ 24. Kh1 Nf6 25. Nc2 Ng4 26. Be1 Rxc2 27. Bxf2 Nxf2+ 28. Kg1 Nxd1 29. Rxc2 Nxe3 30. Rc7 Kg8 31. Rb4 Nf5 32. Rxg7+ Kxg7 33. Nc5 Bc8 34. b6 a6 35. Nxa6 bxa6 36. b7 Bxb7 37. Rxb7+ Rf7 38. Rb6 Nxd4 39. Rxa6 e3 40. Bf1 e2 41. Bxe2 Nxe2+ 42. Kg2 Rd7 43. Re6 Nd4 44. Rb6 Ne7 45. a6 Ndc6 46. Kf2 d4 47. Ke2 d3+ 48. Kd2 Kf7 49. h4 g4 50. h5 Kf6 51. Rb5 Ra7 52. Rb6 Kg5 53. Rb5+ Nf5 54. Rb6 Ne5 55. Rb7 Rxa6 56. Rb2 Nc4+ 0-1


[Site "https://www.chess.com"]

[Event "Titled Tuesday Blitz May 30 Late 2023"]
[White "Krishnan, Varun"]
[Black "Rodriguez Santiago, Jaime"]
[WhiteFideId "5054508"]
[BlackFideId "3100898"]
[WhiteElo "2613"]
[BlackElo "2025"]
[Result "1-0"]
[Round "01"]
[TimeControl "180+2"]
[Date "2023.05.31"]
[WhiteClock "0:00:51"]
[BlackClock "0:00:11"]

1. d4 Nf6 2. c4 e6 3. Nf3 d5 4. Nc3 c5 5. cxd5 Nxd5 6. e4 Nxc3 7. bxc3 cxd4 8. cxd4 Bb4+ 9. Bd2 Bxd2+ 10. Qxd2 O-O 11. Bc4 Nd7 12. O-O b6 13. d5 Nc5 14. Rfe1 Bb7 15. Rad1 Rc8 16. Qf4 exd5 17. Bxd5 Bxd5 18. exd5 Re8 19. d6 h6 20. Ne5 f6 21. Ng6 Rxe1+ 22. Rxe1 Nd3 23. Ne7+ Kf8 24. Qf5 Nxe1 25. Qe6 Qd7 1-0


[Site "https://www.chess.com"]

[Event "Titled Tuesday Blitz May 30 Late 2023"]
[White "Shapiro, Daniel"]
[Black "Chor, Kevin"]
[WhiteFideId "2001780"]
[BlackFideId "2090740"]
[WhiteElo "2336"]
[BlackElo "2612"]
[Result "1-0"]
[Round "01"]
[TimeControl "180+2"]
[Date "2023.05.31"]
[WhiteClock "0:00:14"]
[BlackClock "0:00:05"]

1. d4 Nf6 2. c4 g6 3. Nc3 Bg7 4. e4 d6 5. Be2 O-O 6. Nf3 e5 7. O-O Nc6 8. d5 Ne7 9. a4 a5 10. Ne1 Nd7 11. b3 f5 12. f3 Nf6 13. Nd3 b6 14. Qd2 f4 15. Ba3 g5 16. Nf2 h5 17. h3 Rf7 18. b4 Bh6 19. bxa5 Rxa5 20. Bb4 Ra8 21. a5 bxa5 22. Bxa5 Rb8 23. Nb5 Ng6 24. c5 Rxb5 25. Bxb5 g4 26. cxd6 Qxd6 27. Qb4 Qd8 28. Rfc1 g3 29. Nd3 Nxd5 30. exd5 Bxh3 31. Ra2 Bf5 32. d6 Qh4 33. dxc7 Qh2+ 34. Kf1 Qh1+ 35. Ke2 Qxg2+ 36. Kd1 e4 37. c8=Q+ Kh7 38. Rxg2 exf3 39. Bc4 fxg2 40. Kc2 Bxc8 41. Bxf7 f3 42. Qe4 Bxc1 43. Qxg6+ Kh8 44. Qg8# 1-0


[Site "https://www.chess.com"]

[Event "Titled Tuesday Blitz May 30 Late 2023"]
[White "Bjelobrk, Igor"]
[Black "Prieto Aranguren, Alain"]
[WhiteFideId "4300726"]
[BlackFideId "2268906"]
[WhiteElo "2319"]
[BlackElo "2209"]
[Result "1-0"]
[Round "01"]
[TimeControl "180+2"]
[Date "2023.05.31"]
[WhiteClock "0:00:15"]
[BlackClock "0:00:00"]

1. d4 Nf6 2. c4 g6 3. Nc3 Bg7 4. e4 d6 5. Nf3 O-O 6. Be2 e5 7. d5 a5 8. Bg5 h6 9. Be3 Na6 10. Nd2 Nd7 11. a3 f5 12. f3 Kh7 13. b4 Bf6 14. O-O Bg5 15. Bf2 Bh4 16. g3 Bg5 17. c5 f4 18. Nc4 fxg3 19. hxg3 Nf6 20. cxd6 cxd6 21. Nb5 Bh3 22. Nbxd6 Bxf1 23. Bxf1 axb4 24. Nxb7 Qd7 25. Nc5 Nxc5 26. Bxc5 Rfc8 27. axb4 Nh5 28. Rxa8 Rxa8 29. Nb6 Qd8 30. Nxa8 Nxg3 31. Nb6 Bf4 32. Bh3 Qg5 33. Bg2 Be3+ 34. Bxe3 Qxe3+ 35. Kh2 Qf4 36. Qe1 Nxe4+ 37. Kh1 Ng5 38. d6 Nxf3 39. Bxf3 Qxf3+ 40. Kh2 Qg4 41. d7 Qf4+ 42. Qg3 Qd2+ 43. Kh3 1-0


[Site "https://www.chess.com"]

[Event "Titled Tuesday Blitz May 30 Late 2023"]
[White "drdaro"]
[Black "TimGrutter03"]
[WhiteElo "2327"]
[BlackElo "2606"]
[Result "0-1"]
[Round "01"]
[TimeControl "180+2"]
[Date "2023.05.31"]
[WhiteClock "0:00:05"]
[BlackClock "0:00:16"]

1. d4 Nf6 2. Nf3 e6 3. g3 c5 4. Bg2 cxd4 5. Nxd4 Nc6 6. O-O Qb6 7. Nb3 Be7 8. c4 d6 9. Nc3 O-O 10. e4 a6 11. Be3 Qc7 12. Qe2 Ne5 13. Nd2 Neg4 14. Rac1 Nxe3 15. Qxe3 Bd7 16. h3 Rac8 17. b3 Bc6 18. f4 Nd7 19. Nf3 b6 20. Nd5 Qd8 21. Nxe7+ Qxe7 22. Nd4 Bb7 23. Kh2 Nc5 24. b4 Nd7 25. a3 Rfd8 26. h4 Nf6 27. Bf3 Bxe4 28. Kg2 Bxf3+ 29. Qxf3 Qd7 30. Rfd1 Qa4 31. h5 h6 32. g4 d5 33. g5 Ne4 34. gxh6 gxh6 35. Kh2 Kh8 36. f5 e5 37. Qe3 Kh7 38. Nf3 f6 39. Rg1 Qe8 40. Rg6 Ng5 41. Rxf6 Qxh5+ 42. Kg2 Rg8 43. Kf2 Ne4+ 44. Ke2 Nxf6 45. Qxe5 Rce8 46. Kd3 Qxf3+ 0-1


[Site "https://www.chess.com"]

[Event "Titled Tuesday Blitz May 30 Late 2023"]
[White "Bernabeu Lopez, Carlos Javier"]
[Black "Stachanczyk, Jacek"]
[WhiteFideId "2235366"]
[BlackFideId "1116657"]
[WhiteElo "2344"]
[BlackElo "2084"]
[Result "1-0"]
[Round "01"]
[TimeControl "180+2"]
[Date "2023.05.31"]
[WhiteClock "0:01:50"]
[BlackClock "0:00:13"]

1. e4 c5 2. Nf3 d6 3. Bb5+ Bd7 4. Bxd7+ Qxd7 5. O-O Nf6 6. Nc3 e6 7. e5 dxe5 8. Nxe5 Qc8 9. Qf3 Bd6 10. Nc4 Be7 11. d3 Nc6 12. Be3 O-O 13. a4 Qd7 14. Rfe1 Nd5 15. Bd2 Nd4 16. Qd1 Nxc3 17. bxc3 Nc6 18. Rb1 Bf6 19. Qf3 Rac8 20. a5 Rfd8 21. Rb5 Be7 22. Reb1 Rc7 23. Bf4 e5 24. Nxe5 Nxe5 25. Bxe5 Bd6 26. Bxd6 Qxd6 27. Rxb7 Rxb7 28. Qxb7 Qe6 29. Qxa7 c4 30. Qb6 Qe8 31. d4 h6 32. a6 Qe4 33. Qxd8+ 1-0


[Site "https://www.chess.com"]

[Event "Titled Tuesday Blitz May 30 Late 2023"]
[White "Djabri,Massinas"]
[Black "Hossain, Enamul"]
[WhiteFideId "7905726"]
[BlackFideId "10200649"]
[WhiteElo "2194"]
[BlackElo "2433"]
[Result "0-1"]
[Round "01"]
[TimeControl "180+2"]
[Date "2023.05.31"]
[WhiteClock "0:00:00"]
[BlackClock "0:00:17"]

1. e4 c5 2. Nf3 Nc6 3. Bb5 e5 4. O-O Bd6 5. a4 Nf6 6. Re1 O-O 7. c3 a6 8. Bf1 Re8 9. Na3 Bf8 10. Nc4 d6 11. d3 h6 12. Ne3 Be6 13. c4 Rb8 14. Nd5 b5 15. axb5 axb5 16. cxb5 Bxd5 17. exd5 Nd4 18. Nxd4 cxd4 19. Qb3 Qb6 20. f4 Qxb5 21. Qxb5 Rxb5 22. Ra4 Rxd5 23. Be2 Rb5 24. Bf3 Rc8 25. g4 Rb3 26. g5 hxg5 27. fxg5 Nd7 28. Ra7 Nb6 29. Rb7 Rxd3 30. Be4 Rb3 31. Bd5 Nxd5 32. Rxb3 g6 33. Rb7 d3 34. Rf1 Be7 35. b4 Rc2 36. b5 d2 37. Ba3 Ra2 0-1


[Site "https://www.chess.com"]

[Event "Titled Tuesday Blitz May 30 Late 2023"]
[White "Odegov, Artem"]
[Black "Padalka, Artem"]
[WhiteFideId "34183644"]
[BlackFideId "14118637"]
[WhiteElo "2300"]
[BlackElo "2073"]
[Result "0-1"]
[Round "01"]
[TimeControl "180+2"]
[Date "2023.05.31"]
[WhiteClock "0:00:05"]
[BlackClock "0:00:07"]

1. d4 Nf6 2. c4 c5 3. d5 g6 4. Nc3 Bg7 5. e4 d6 6. h3 O-O 7. Nf3 e6 8. Bd3 exd5 9. exd5 Re8+ 10. Be3 Bh6 11. O-O Bxe3 12. fxe3 Qe7 13. e4 a6 14. Qd2 Nbd7 15. Qf4 Kg7 16. Rae1 Ne5 17. Nxe5 Qxe5 18. Qxe5 Rxe5 19. Na4 b5 20. Nc3 b4 21. Na4 Rb8 22. b3 Bd7 23. Nb2 a5 24. Bc2 Rbe8 25. Rf4 g5 26. Rf3 Nxe4 27. Rfe3 Nc3 28. Rxe5 Rxe5 29. Rxe5 dxe5 30. Kf2 Nxa2 31. Ke3 f5 32. Nd3 Kf6 33. Nxc5 f4+ 34. Kd2 Bf5 35. Bxf5 Kxf5 36. d6 Kf6 37. Nb7 Ke6 38. c5 Nc3 39. Kd3 e4+ 40. Kc2 e3 41. Kd3 Ne4 42. Nxa5 Nxc5+ 43. Ke2 Kxd6 44. Nc4+ Kd5 45. Na5 Kd4 46. Nc6+ Kc3 47. Ne7 Nxb3 48. Nd5+ Kc4 49. Nf6 Nd4+ 50. Kd1 b3 51. Kc1 e2 52. Kd2 b2 53. Nd7 b1=Q 54. Ne5+ Kd5 55. Nd3 Qc2+ 0-1


[Site "https://www.chess.com"]

[Event "Titled Tuesday Blitz May 30 Late 2023"]
[White "Vaglio Munoz, Jaime"]
[Black "Principe, Gerson"]
[WhiteFideId "6500145"]
[BlackFideId "3804550"]
[WhiteElo "2199"]
[BlackElo "2229"]
[Result "0-1"]
[Round "01"]
[TimeControl "180+2"]
[Date "2023.05.31"]
[WhiteClock "0:00:13"]
[BlackClock "0:00:30"]

1. Nf3 Nf6 2. c4 e6 3. b3 b6 4. Bb2 Bb7 5. g3 Be7 6. Bg2 O-O 7. O-O d5 8. Ne5 Nbd7 9. d3 c5 10. cxd5 Bxd5 11. Nc6 Qe8 12. Nxe7+ Qxe7 13. e4 Bb7 14. e5 Nd5 15. d4 Rac8 16. dxc5 Nxc5 17. Ba3 Rfd8 18. Qg4 Qc7 19. Qg5 h6 20. Qh5 Ne7 21. Bxb7 Qxb7 22. Qe2 Nf5 23. Bb2 Nd3 24. Bc3 Rd5 25. Rd1 Rcd8 26. Nd2 Qd7 27. Nc4 Nf4 28. gxf4 Rxd1+ 29. Kg2 Qd5+ 30. Kh3 Rxa1 31. Bxa1 Qd3+ 32. Qxd3 Rxd3+ 33. Kg4 g6 34. f3 h5+ 35. Kg5 Kg7 36. Bb2 Rd1 37. Ne3 Nxe3 38. f5 Nxf5 39. Kf4 Rd2 40. h4 Rxb2 41. b4 Rxb4+ 42. Kg5 Rb1 43. a4 Ne7 44. a5 bxa5 45. f4 Rg1# 0-1


[Site "https://www.chess.com"]

[Event "Titled Tuesday Blitz May 30 Late 2023"]
[White "MKlose11"]
[Black "Bashkansky, Ethan"]
[BlackFideId "2071533"]
[WhiteElo "2600"]
[BlackElo "2317"]
[Result "1-0"]
[Round "01"]
[TimeControl "180+2"]
[Date "2023.05.31"]
[WhiteClock "0:00:20"]
[BlackClock "0:00:00"]

1. e4 c6 2. Nc3 d5 3. g3 dxe4 4. Nxe4 Bf5 5. Bg2 Nd7 6. Ne2 e6 7. O-O Ngf6 8. N2c3 Nxe4 9. Nxe4 Nf6 10. Nxf6+ Qxf6 11. d4 Bd6 12. c3 O-O 13. Qb3 Rab8 14. Re1 h6 15. Be3 Rfc8 16. c4 Rc7 17. c5 Be7 18. Bf4 Rbc8 19. Bxc7 Rxc7 20. Rad1 Rd7 21. Be4 Bg4 22. f3 Bh5 23. Qc3 g5 24. b4 a6 25. Kg2 Qg7 26. a4 Bf6 27. b5 Bxd4 28. bxc6 bxc6 29. Qb3 Bg6 30. Bxc6 Re7 31. Be4 Bxc5 32. Bxg6 Qxg6 33. Qc4 Qf5 34. Qe4 Qxe4 35. Rxe4 a5 36. Rc4 Bb4 37. Rd8+ Kg7 38. Rdc8 Rd7 39. h4 Rd2+ 40. Kh3 Ra2 41. R8c7 Rxa4 42. Ra7 Kg6 43. h5+ Kxh5 44. Rxf7 Ra3 45. Rc6 Rxf3 46. Rxf3 g4+ 47. Kg2 gxf3+ 48. Kxf3 e5 49. Ke4 a4 50. Kf5 a3 51. Rc2 1-0


[Site "https://www.chess.com"]

[Event "Titled Tuesday Blitz May 30 Late 2023"]
[White "Semenenko, Dmytry"]
[Black "Perez, Maximiliano"]
[WhiteFideId "14118645"]
[BlackFideId "117234"]
[WhiteElo "2113"]
[BlackElo "2344"]
[Result "0-1"]
[Round "01"]
[TimeControl "180+2"]
[Date "2023.05.31"]
[WhiteClock "0:00:10"]
[BlackClock "0:01:28"]

1. Nf3 Nf6 2. c4 e6 3. d4 d5 4. Nc3 dxc4 5. e4 b5 6. e5 Nd5 7. Nxb5 Nb6 8. Be3 Bb7 9. Rc1 Qd7 10. Nc3 Nc6 11. Qc2 O-O-O 12. Rd1 Nb4 13. Qb1 f6 14. a3 N4d5 15. Ne4 Nxe3 16. fxe3 f5 17. Nc5 Bxc5 18. dxc5 Qxd1+ 19. Qxd1 Rxd1+ 20. Kxd1 Na4 21. Kc2 Be4+ 22. Kc1 Bd5 23. Nd2 Nxc5 24. Bxc4 Bxc4 25. Nxc4 Rd8 26. Kc2 Ne4 27. Rf1 Kb7 28. g4 g6 29. gxf5 exf5 30. h4 Kc6 31. b4 Kb5 32. Nb2 Rd2+ 33. Kb3 Rd5 34. a4+ Kc6 35. Rc1+ Kb7 36. Nc4 h6 37. Na5+ Kc8 38. e6 Re5 39. Rc6 Nd6 40. Ra6 Rxe3+ 41. Kc2 Rxe6 42. Rxa7 g5 43. hxg5 hxg5 44. Nc6 Kd7 45. b5 g4 46. Ra8 Re8 47. Ra7 g3 48. Nd4 g2 49. Nf3 Re3 50. Ng1 Re1 51. Nf3 Nc8 52. Rb7 Rf1 53. b6 Nxb6 54. a5 Rxf3 55. axb6 g1=Q 0-1


[Site "https://www.chess.com"]

[Event "Titled Tuesday Blitz May 30 Late 2023"]
[White "Aldokhin, Ivan"]
[Black "Sarkar, Justin"]
[WhiteFideId "24115720"]
[BlackFideId "2010011"]
[WhiteElo "2322"]
[BlackElo "2168"]
[Result "1-0"]
[Round "01"]
[TimeControl "180+2"]
[Date "2023.05.31"]
[WhiteClock "0:00:42"]
[BlackClock "0:00:00"]

1. e4 e5 2. Nf3 Nc6 3. Bb5 a6 4. Ba4 Nf6 5. O-O Nxe4 6. Re1 Nc5 7. Bxc6 dxc6 8. Nxe5 Ne6 9. b3 Be7 10. Bb2 O-O 11. Nc3 Nd4 12. Ne4 Bf5 13. c3 Ne6 14. d4 c5 15. d5 Ng5 16. Ng3 Bc8 17. f4 f6 18. fxg5 fxe5 19. c4 Bxg5 20. Bxe5 Bf6 21. Qe2 Bd7 22. Nh5 Bxe5 23. Qxe5 Rf7 24. Rf1 Qe8 25. Qxc7 Qe3+ 26. Kh1 Raf8 27. Rxf7 Rxf7 28. Qd8+ Be8 29. Ng3 Qd4 30. Qxe8+ Rf8 31. Qe6+ 1-0


[Site "https://www.chess.com"]

[Event "Titled Tuesday Blitz May 30 Late 2023"]
[White "Chyngyz, Sultai"]
[Black "Kleiman, Jake"]
[WhiteFideId "13803158"]
[BlackFideId "2020041"]
[WhiteElo "1408"]
[BlackElo "2598"]
[Result "1-0"]
[Round "01"]
[TimeControl "180+2"]
[Date "2023.05.31"]
[WhiteClock "0:00:23"]
[BlackClock "0:00:12"]

1. e4 e5 2. Nf3 Nc6 3. Bc4 Bc5 4. Nc3 Nf6 5. d3 O-O 6. Bg5 h6 7. Bh4 Be7 8. O-O d6 9. h3 Na5 10. Bb3 Nxb3 11. axb3 c6 12. b4 Be6 13. b5 Qb6 14. bxc6 bxc6 15. b3 Rfe8 16. Qe2 a5 17. Na4 Qc7 18. Rfd1 Nh5 19. Bxe7 Qxe7 20. Qe3 Nf4 21. d4 Qf6 22. dxe5 dxe5 23. Nb6 Ra6 24. Nd7 Qg6 25. g3 Nxh3+ 26. Kf1 f6 27. Nc5 Raa8 28. Nxe6 Rxe6 29. Rd7 Qg4 30. Nh4 Ng5 31. Nf5 Qh3+ 32. Kg1 Nf7 33. Rad1 a4 34. bxa4 Rxa4 35. Ne7+ Kh7 36. Nf5 Kg8 37. Qb3 Ng5 38. Rxg7+ Kf8 39. Rd8+ Re8 40. Qg8# 1-0


[Site "https://www.chess.com"]

[Event "Titled Tuesday Blitz May 30 Late 2023"]
[White "Gubajdullin, Alexei"]
[Black "Dragomirescu, Calin"]
[WhiteFideId "4141202"]
[BlackFideId "1200895"]
[WhiteElo "2279"]
[BlackElo "2010"]
[Result "1-0"]
[Round "01"]
[TimeControl "180+2"]
[Date "2023.05.31"]
[WhiteClock "0:01:21"]
[BlackClock "0:00:57"]

1. d4 Nf6 2. Nf3 g6 3. Bf4 Bg7 4. e3 O-O 5. Be2 d6 6. O-O c5 7. c3 Nh5 8. Bg5 h6 9. Bh4 g5 10. Bg3 Nxg3 11. hxg3 Nc6 12. d5 Ne5 13. Nxe5 Bxe5 14. Bg4 f5 15. Be2 f4 16. exf4 gxf4 17. gxf4 Bxf4 18. g3 Be5 19. Bd3 e6 20. Qh5 Qg5 21. Qxg5+ hxg5 22. Bc4 exd5 23. Bxd5+ Kg7 24. Nd2 Rb8 25. Nc4 b5 26. Nxe5 dxe5 27. Rfe1 Re8 28. a4 b4 29. Re3 Bb7 30. Bxb7 Rxb7 31. Rae1 bxc3 32. bxc3 Rbe7 33. Re4 Kf6 34. Rc4 Rc7 35. Rb1 Rd8 36. Rb5 Rd5 37. a5 Kf5 38. Kg2 e4 39. a6 g4 40. Rb7 Rdd7 41. Rxc5+ Rxc5 42. Rxd7 Rxc3 43. Rxa7 Ra3 44. Ra8 Kf6 45. a7 Kg7 46. Kf1 Ra2 47. Ke1 Kh7 48. Kd1 Kg7 49. Kc1 Kh7 50. Kb1 Ra4 51. Kb2 Kg7 52. Kb3 Ra1 53. Kc4 Ra4+ 54. Kd5 Kh7 55. Ke5 Kg7 56. Kf5 Kh7 57. Kf4 e3+ 58. Kxe3 Kg7 59. Kd3 Ra1 60. Ke4 Ra4+ 61. Kf5 Kh7 62. Kf6 Ra6+ 63. Kf7 Ra2 64. Ke6 Ra4 65. Rf8 Rxa7 66. Rf7+ Rxf7 67. Kxf7 Kh6 68. Kf6 1-0


[Site "https://www.chess.com"]

[Event "Titled Tuesday Blitz May 30 Late 2023"]
[White "lluiss"]
[Black "Adewumi, Tanitoluwa"]
[BlackFideId "30966396"]
[WhiteElo "2306"]
[BlackElo "2597"]
[Result "0-1"]
[Round "01"]
[TimeControl "180+2"]
[Date "2023.05.31"]
[WhiteClock "0:00:00"]
[BlackClock "0:00:03"]

1. Nf3 d5 2. d4 Nf6 3. c4 g6 4. cxd5 Nxd5 5. e4 Nb6 6. h3 Bg7 7. Nc3 c5 8. Be3 cxd4 9. Bxd4 Bxd4 10. Qxd4 O-O 11. Rd1 Qxd4 12. Nxd4 e5 13. Ndb5 Nc6 14. Nd5 Be6 15. Be2 Rfd8 16. Bf3 f5 17. Ndc7 Rxd1+ 18. Bxd1 Bc4 19. Nxa8 Nxa8 20. Bb3 Bxb3 21. axb3 fxe4 22. Nd6 Nd4 23. O-O Ne2+ 24. Kh2 Nb6 25. Re1 Nd4 26. Rxe4 Nd7 27. Nxb7 Nxb3 28. Ra4 a5 29. Nxa5 Ndc5 30. Ra2 Nd4 31. Nc4 Nd3 32. b4 Nxb4 33. Ra8+ Kg7 34. Ra4 Nbc6 35. Nd6 Kf6 36. Nc8 Ke6 37. Ra6 Kd5 38. Na7 Nxa7 39. Rxa7 h5 40. Rg7 g5 41. Rxg5 h4 42. Rh5 Ne2 43. Rxh4 Ke6 44. Rh6+ Kf5 45. Ra6 Nc3 46. Ra2 Nxa2 47. g4+ Kf4 48. Kg2 Nc3 49. f3 Nd1 50. h4 Ne3+ 51. Kh3 Kxf3 52. h5 Nxg4 0-1


[Site "https://www.chess.com"]

[Event "Titled Tuesday Blitz May 30 Late 2023"]
[White "brm72"]
[Black "StarkyNZ"]
[WhiteElo "2597"]
[BlackElo "2302"]
[Result "1-0"]
[Round "01"]
[TimeControl "180+2"]
[Date "2023.05.31"]
[WhiteClock "0:01:26"]
[BlackClock "0:01:47"]

1. d4 Nf6 2. c4 e6 3. Nf3 b6 4. g3 Ba6 5. b3 Bb7 6. Bg2 Bb4+ 7. Bd2 Bxd2+ 8. Nbxd2 O-O 9. O-O d5 10. Qc2 Nbd7 11. e3 c5 12. Rfd1 Qe7 13. Rac1 Rfc8 14. dxc5 Nxc5 15. Nd4 dxc4 16. Qxc4 Bxg2 17. Kxg2 Qb7+ 18. Kg1 Nce4 19. Qd3 Rxc1 20. Rxc1 Rc8 21. Rxc8+ Qxc8 22. Nxe4 Qc1+ 23. Kg2 Nd5 24. Nf3 h6 25. h4 a5 26. Nd6 Nb4 27. Qb5 Qc7 28. Qe8+ Kh7 29. Nxf7 Nc2 30. Qh8+ Kg6 31. N7e5+ Kf6 1-0


[Site "https://www.chess.com"]

[Event "Titled Tuesday Blitz May 30 Late 2023"]
[White "Ardila, Oscar Humberto"]
[Black "Kavutskiy, Konstantin"]
[WhiteFideId "4404742"]
[BlackFideId "2026384"]
[WhiteElo "1918"]
[BlackElo "2323"]
[Result "0-1"]
[Round "01"]
[TimeControl "180+2"]
[Date "2023.05.31"]
[WhiteClock "0:00:50"]
[BlackClock "0:00:04"]

1. d4 Nf6 2. c4 g6 3. Nc3 Bg7 4. Nf3 d6 5. e4 O-O 6. Be2 e5 7. d5 Nbd7 8. O-O Nc5 9. Qc2 a5 10. Bg5 h6 11. Bh4 g5 12. Bg3 Nh5 13. Nd2 Nf4 14. Rfe1 b6 15. b3 h5 16. Bxf4 exf4 17. Bxh5 g4 18. f3 Bd4+ 19. Kh1 g3 20. h3 Qf6 21. Rac1 Nd7 22. Bg4 Ne5 23. Bxc8 Raxc8 24. Nb5 Bf2 25. Re2 Kg7 26. Rf1 Bc5 27. a3 Rh8 28. b4 axb4 29. axb4 Be3 30. Rxe3 fxe3 31. Nb3 Rh5 32. N3d4 Qf4 33. Nf5+ Kf6 34. Qe2 Rch8 35. Qxe3 Rxh3+ 36. gxh3 Rxh3+ 37. Kg1 Qxe3+ 38. Nxe3 Nd3 39. Kg2 Nf4+ 40. Kg1 Ne2+ 41. Kg2 Rh2# 0-1


[Site "https://www.chess.com"]

[Event "Titled Tuesday Blitz May 30 Late 2023"]
[White "Adla, Diego"]
[Black "Dubreuil, Julien"]
[WhiteFideId "100072"]
[BlackFideId "621285"]
[WhiteElo "2377"]
[BlackElo "2294"]
[Result "1-0"]
[Round "01"]
[TimeControl "180+2"]
[Date "2023.05.31"]
[WhiteClock "0:00:48"]
[BlackClock "0:00:04"]

1. e4 c5 2. Nf3 Nc6 3. d4 cxd4 4. Nxd4 g6 5. c4 Bg7 6. Be3 Nf6 7. Nc3 O-O 8. Be2 d6 9. O-O Bd7 10. h3 Nxd4 11. Bxd4 a5 12. Qc2 Bc6 13. Rad1 Qc7 14. Nd5 Bxd5 15. exd5 b5 16. c5 dxc5 17. Qxc5 Qxc5 18. Bxc5 Rfb8 19. Bxe7 Nd7 20. Rd2 b4 21. f4 b3 22. a3 Rc8 23. Rfd1 Re8 24. d6 Rab8 25. Bc4 Nc5 26. d7 Rxe7 27. d8=Q+ Rxd8 28. Rxd8+ Bf8 29. Rc8 Re4 30. Bb5 Kg7 31. Rd5 Ne6 32. f5 gxf5 33. Rxf5 Be7 34. Bc4 Ng5 35. Bxb3 Kg6 36. Rxa5 Bf6 37. Rd5 Bxb2 38. a4 Bd4+ 39. Kh2 Be5+ 40. g3 Re2+ 41. Kg1 Bxg3 42. Rc2 Nf3+ 43. Kf1 Re3 44. Bc4 Ra3 45. Rd3 Ne1 46. Rxa3 Nxc2 47. Rxg3+ 1-0


[Site "https://www.chess.com"]

[Event "Titled Tuesday Blitz May 30 Late 2023"]
[White "KVAIDAN"]
[Black "Bitoon, Richard"]
[BlackFideId "5201110"]
[WhiteElo "2292"]
[BlackElo "2374"]
[Result "0-1"]
[Round "01"]
[TimeControl "180+2"]
[Date "2023.05.31"]
[WhiteClock "0:02:01"]
[BlackClock "0:01:49"]

1. f4 b6 2. Nf3 Bb7 3. e3 e6 4. b3 Nf6 5. Bb2 Be7 6. Bd3 O-O 7. O-O d5 8. Ne5 Nbd7 9. Rf3 Ne4 10. Rh3 g6 11. Nxd7 Qxd7 12. Bxe4 e5 13. Bf3 e4 14. Be2 c5 15. Ba6 Bxa6 16. Qh5 gxh5 17. Rg3+ Qg4 18. Rxg4+ hxg4 19. Nc3 Rad8 20. Na4 f5 0-1


[Site "https://www.chess.com"]

[Event "Titled Tuesday Blitz May 30 Late 2023"]
[White "koncheto"]
[Black "The_Straightforward_Rook"]
[WhiteElo "2594"]
[BlackElo "2285"]
[Result "1-0"]
[Round "01"]
[TimeControl "180+2"]
[Date "2023.05.31"]
[WhiteClock "0:00:05"]
[BlackClock "0:00:18"]

1. e4 c5 2. Nf3 Nc6 3. d4 cxd4 4. Nxd4 e5 5. Nb5 d6 6. c4 Be7 7. N1c3 a6 8. Na3 f5 9. exf5 Bxf5 10. Bd3 Be6 11. O-O Nf6 12. f3 O-O 13. Be3 Kh8 14. Nc2 Rc8 15. b3 Qe8 16. Ne4 Nxe4 17. Bxe4 b5 18. cxb5 axb5 19. Qd3 Qh5 20. Qxb5 Nd8 21. f4 d5 22. Bxd5 Rxc2 23. Bxe6 Nxe6 24. fxe5 Qg4 25. Rxf8+ Bxf8 26. Qf1 h6 27. a4 Bc5 28. Bxc5 Nxc5 29. a5 Qd4+ 30. Kh1 Rf2 31. Qg1 Nxb3 32. Rd1 Qa7 33. a6 Nd2 34. Rxd2 Rxd2 35. Qxa7 Rd1+ 36. Qg1 Rxg1+ 37. Kxg1 Kh7 38. a7 Kg6 39. a8=Q Kf5 40. Qd5 Kg5 41. Qf7 g6 42. Qf6+ Kh5 43. h3 g5 44. Qf5 Kh4 45. Qg4# 1-0


[Site "https://www.chess.com"]

[Event "Titled Tuesday Blitz May 30 Late 2023"]
[White "Wang, Alexander J"]
[Black "Grinev, Valeriy"]
[WhiteFideId "30955270"]
[BlackFideId "14117517"]
[WhiteElo "2274"]
[BlackElo "2366"]
[Result "0-1"]
[Round "01"]
[TimeControl "180+2"]
[Date "2023.05.31"]
[WhiteClock "0:00:06"]
[BlackClock "0:01:23"]

1. e4 c5 2. Nf3 e6 3. d4 cxd4 4. Nxd4 a6 5. Nc3 Qc7 6. g3 Bb4 7. Ne2 Nf6 8. Bg2 Be7 9. O-O Nc6 10. h3 O-O 11. Be3 d6 12. f4 b5 13. a3 Bb7 14. g4 Nd7 15. Qd2 Nb6 16. b3 Rac8 17. Rad1 Rfd8 18. Qe1 b4 19. axb4 Nxb4 20. Qf2 Nd7 21. Rd2 Bf6 22. Bd4 Bxd4 23. Qxd4 Qc5 24. Qxc5 Nxc5 25. Rfd1 Kf8 26. Rxd6 Rxd6 27. Rxd6 Nxc2 28. Kf2 Nxb3 29. Rb6 Nc5 30. Rb2 Nd3+ 0-1


[Site "https://www.chess.com"]

[Event "Titled Tuesday Blitz May 30 Late 2023"]
[White "Fiorito, Francisco"]
[Black "Harish, Neeraj"]
[WhiteFideId "180165"]
[BlackFideId "30958130"]
[WhiteElo "2341"]
[BlackElo "1879"]
[Result "1-0"]
[Round "01"]
[TimeControl "180+2"]
[Date "2023.05.31"]
[WhiteClock "0:01:46"]
[BlackClock "0:00:00"]

1. Nf3 d5 2. b3 Nf6 3. Bb2 Bf5 4. e3 e6 5. Be2 c6 6. Nh4 Bg6 7. Nxg6 hxg6 8. g3 Nbd7 9. d4 Bd6 10. Nd2 Qe7 11. Nf3 Ne4 12. a3 Ndf6 13. Ne5 Nd7 14. Nxd7 Qxd7 15. Bf3 O-O 16. Bxe4 dxe4 17. Qg4 Be7 18. Qxe4 Qd5 19. Qxd5 cxd5 20. Kd2 Rac8 21. Rhc1 b5 22. a4 b4 23. c3 Rc7 24. cxb4 Bxb4+ 25. Kd3 Rfc8 26. Rxc7 Rxc7 27. Rc1 Rb7 28. Rc8+ Kh7 29. Bc3 Be7 30. Kc2 g5 31. f3 Kg6 32. g4 f5 33. h3 f4 34. Bd2 Bd6 35. Rc6 Rd7 36. b4 Kf6 37. b5 Ke7 38. a5 Rb7 39. b6 axb6 40. Rxb6 Ra7 41. exf4 gxf4 42. Kb3 g5 43. Ka4 Kd7 44. Kb5 Kc7 45. a6 Kd7 46. Bb4 1-0


[Site "https://www.chess.com"]

[Event "Titled Tuesday Blitz May 30 Late 2023"]
[White "Leschinsky, Gary"]
[Black "Pinheiro, Iung Alicio de O."]
[WhiteFideId "30951321"]
[BlackFideId "2104350"]
[WhiteElo "1855"]
[BlackElo "2283"]
[Result "0-1"]
[Round "01"]
[TimeControl "180+2"]
[Date "2023.05.31"]
[WhiteClock "0:01:54"]
[BlackClock "0:01:21"]

1. d4 Nf6 2. c4 e6 3. Nc3 Bb4 4. f3 c5 5. d5 b5 6. e4 bxc4 7. Bxc4 Ba6 8. Bxa6 Nxa6 9. dxe6 fxe6 10. Ne2 O-O 11. O-O d5 12. exd5 exd5 13. Bg5 Nc7 14. Rc1 d4 15. Ne4 d3 16. Bxf6 gxf6 17. Qb3+ Qd5 18. Rfd1 Qxb3 0-1


[Site "https://www.chess.com"]

[Event "Titled Tuesday Blitz May 30 Late 2023"]
[White "Omranalhosani21"]
[Black "Almeida Junior, Alvaro Alves de"]
[BlackFideId "2149974"]
[WhiteElo "2590"]
[BlackElo "2122"]
[Result "1-0"]
[Round "01"]
[TimeControl "180+2"]
[Date "2023.05.31"]
[WhiteClock "0:01:43"]
[BlackClock "0:00:43"]

1. e4 c5 2. Nf3 d6 3. Bb5+ Bd7 4. Bxd7+ Qxd7 5. d4 cxd4 6. Nxd4 Nf6 7. O-O g6 8. c4 Bg7 9. Nc3 O-O 10. Re1 Nc6 11. Nc2 Rac8 12. Rb1 Qe6 13. b3 Nd7 14. Nd5 Nc5 15. Bg5 h6 16. Bh4 g5 17. Bg3 Nd7 18. b4 Nf6 19. b5 Ne5 20. Nd4 Qd7 21. Nf5 Nxd5 22. cxd5 Rc5 23. h4 Rxb5 24. Rxb5 Qxb5 25. Nxe7+ Kh8 26. hxg5 Qd7 27. Nf5 hxg5 28. Qh5+ Kg8 29. Nxg7 Kxg7 30. Bxe5+ dxe5 31. Qxg5+ Kh8 32. Re3 Rg8 33. Rh3+ Qxh3 34. Qxg8+ Kxg8 35. gxh3 1-0


[Site "https://www.chess.com"]